 Dungeon Crawl Stone Soup version 0.29-a0-350-g7790a0e70a (webtiles) character file.

Game seed: 4098377631295894360

500 greenreed the Poker (level 6, -3/53 HPs)
             Began as a Minotaur Fighter on Apr 22, 2022.
             Slain by an iguana (11 damage)
             ... on level 5 of the Dungeon.
             The game lasted 00:08:07 (3537 turns).

greenreed the Poker (Minotaur Fighter)              Turns: 3537, Time: 00:08:10

Health: -3/53      AC:  7    Str: 23    XL:     6   Next: 94%
Magic:  5/5        EV:  9    Int:  5    God:
Gold:   335        SH:  4    Dex:  9    Spells: 5/5 levels left

rFire   . . .      SeeInvis .   a - +0 trident
rCold   . . .      Faith    .   c - +0 buckler
rNeg    . . .      Spirit   .   b - +0 scale mail
rPois   .          Reflect  .   (helmet restricted)
rElec   .          Harm     .   (no cloak)
rCorr   .          Rampage  .   (no gloves)
Will    .....                   (no boots)
Stlth   ..........              l - amulet of regeneration
HPRegen 0.97/turn               (no ring)
MPRegen 0.09/turn               (no ring)

@: lethally poisoned (-3 -> -6)
A: horns 2, retaliatory headbutt
a: no special abilities


You were on level 5 of the Dungeon.
You visited 1 branch of the dungeon, and saw 5 of its levels.

You collected 335 gold pieces.

Inventory:

Hand Weapons
 a - a +0 trident (weapon)
Armour
 b - a +0 scale mail (worn)
 c - a +0 buckler (worn)
 w - a +2 leather armour of cold resistance
 y - a scarf of shadows
Jewellery
 l - an amulet of regeneration (around neck)
 t - an amulet of guardian spirit
Wands
 d - a wand of flame (5)
Scrolls
 f - 6 scrolls of teleportation {unknown}
 g - 3 scrolls of identify {unknown}
 i - 2 scrolls of silence {unknown}
 m - 4 scrolls of fear {unknown}
 n - a scroll of enchant weapon {unknown}
 p - a scroll of fog {unknown}
 q - 3 scrolls of blinking {unknown}
 r - a scroll of summoning {unknown}
 u - a scroll of amnesia {unknown}
Potions
 e - a potion of lignification {unknown}
 h - 5 potions of curing {unknown}
 j - a potion of haste {unknown}
 k - 2 potions of flight {unknown}
 o - a potion of degeneration {unknown}
 s - a potion of heal wounds {unknown}
 v - a potion of mutation {unknown}
 x - a potion of resistance {unknown}
 z - a potion of attraction {unknown}


   Skills:
 + Level 4.7 Fighting
 * Level 7.1 Polearms
 + Level 5.0 Armour
 + Level 0.9 Dodging
 + Level 4.4 Shields
 + Level 0.4 Evocations


You had 5 spell levels left.
You didn't know any spells.
Your spell library contained the following spells:

 Spells                   Type           Power      Damage    Failure   Level
 Gell's Gravitas          Tloc           0%         N/A       99%         3
 Lesser Beckoning         Tloc           0%         N/A       99%         3
 Teleport Other           Tloc           0%         N/A       99%         3


Dungeon Overview and Level Annotations

Branches:
Dungeon (5/15)
 Temple: D:4-7

Altars:

Shops:
D:4 *


Innate Abilities, Weirdness & Mutations

You have a pair of horns on your head.
You reflexively headbutt those who attack you in melee.


Message History

The scorpion attacks as you move away! The scorpion closely misses you.
The scorpion stings you.
You are poisoned.
The scorpion poisons you!
You barely miss the scorpion.
You feel very sick.
The scorpion stings you but does no damage.
You closely miss the scorpion. You headbutt the scorpion.
The scorpion is lightly wounded.
You feel sick.
The scorpion stings you but does no damage.
You barely miss the scorpion.
The scorpion is lightly wounded.
You feel sick. The iguana bites you! The scorpion stings you.
* * * LOW HITPOINT WARNING * * *
You are more poisoned.
The scorpion poisons you!
Aiming: Throw Flame
Press: ? - help, Q - select action Shift-Dir - straight line, f/p - shadow imp
Aim: a shadow imp (almost dead, 64% to hit)
The puff of flame misses the iguana.
The puff of flame hits the shadow imp!
You kill the shadow imp!
You feel very sick.
The iguana bites you but does no damage.
The scorpion stings you but does no damage.
Aiming: Throw Flame
Press: ? - help, Q - select action Shift-Dir - straight line, f - scorpion
Aim: a scorpion (lightly wounded, 68% to hit)
The puff of flame hits the scorpion!
The scorpion is heavily wounded.
You feel very sick.
The scorpion stings you but does no damage.
You block the iguana's attack.
Aiming: Throw Flame
Press: ? - help, Q - select action Shift-Dir - straight line, f/p - scorpion
Aim: a scorpion (heavily wounded, 68% to hit)
The puff of flame hits the scorpion.
The scorpion is severely wounded.
You feel sick. You block the scorpion's attack. The iguana bites you!
You die...

#...#..$..#
#.......
#...#.!8).#
#.......
#...#..?.$#
#.......
#...#..$..#
#.<.....
#...#.....#
#.......
#...##...#
#.......
#....#...#
#.##..##
##[..#s..#
#. ...#
#...@l.##
#. ##.#
#......# #.
.. #8..####
.. #..
#####


You could see a scorpion and an iguana.

Vanquished Creatures
  An ogre (D:4)
  A phantom (D:3)
  A howler monkey (D:3)
  An orc priest (D:2)
  An orc wizard (D:3)
  Ijyb (D:3)
  An iguana (D:5)
  8 adders
  A shadow imp (D:5)
  3 worms
  A dart slug (D:3)
  10 orcs
  5 ball pythons
  5 bats
  8 endoplasms
  3 giant cockroaches
  10 goblins
  7 hobgoblins
  3 jackals (D:2)
  9 quokkas
  7 frilled lizards
  4 kobolds
  6 rats
97 creatures vanquished.

Vanquished Creatures (others)
  5 demonic plants (D:3)
  5 fungi (D:3)
  3 plants (D:3)
  A withered plant (D:3)
14 creatures vanquished.

Grand Total: 111 creatures vanquished

Notes
Turn   | Place    | Note
-------+----------+-------------------------------------------
     0 | D:1      | greenreed the Minotaur Fighter began the quest for the Orb.
     0 | D:1      | Reached XP level 1. HP: 19/19 MP: 0/0
   178 | D:1      | Reached XP level 2. HP: 27/27 MP: 1/1
   687 | D:1      | Reached skill level 3 in Polearms
  1095 | D:2      | Reached XP level 3. HP: 33/33 MP: 2/2
  1213 | D:2      | Reached XP level 4. HP: 35/40 MP: 3/3
  1229 | D:2      | Reached skill level 4 in Polearms
  1751 | D:2      | Reached XP level 5. HP: 14/46 MP: 4/4
  1788 | D:3      | Reached skill level 5 in Polearms
  1913 | D:3      | Noticed a phantom
  1926 | D:3      | Killed a phantom
  1970 | D:3      | Reached skill level 6 in Polearms
  2069 | D:3      | Reached XP level 6. HP: 52/52 MP: 5/5
  2484 | D:3      | Found a faded altar of an unknown god.
  2535 | D:3      | Noticed Ijyb
  2540 | D:3      | Killed Ijyb
  2813 | D:4      | Reached skill level 5 in Armour
  2827 | D:4      | Reached skill level 7 in Polearms
  3147 | D:4      | Found Uhiang's General Store.
  3430 | D:5      | Entered Level 5 of the Dungeon
  3537 | D:5      | Slain by an iguana

Illustrated notes

Levels and vault maps discovered:
D:1:      dpeg_arrival_stone_temple_mockup, layout_basic,
          minmay_misc_feat_alley, st_stairs_9
D:2:      layout_rooms, kennysheep_generic_room_9
D:3:      layout_basic, shapermc_ecumenical_altar_gd, hangedman_decor_points,
          minmay_vboxes, uniq_ijyb
D:4:      layout_basic, serial_shops, shop
D:5:      kennysheep_spiral_hall, layout_cave_pools, dreamdust_mushroom_princess

Skill      XL: |  1  2  3  4  5  6 |
---------------+-------------------+-----
Shields        | 4 |  4.4
Polearms       | 3 4 6 7 |  7.1
Armour         | 4 5 |  5.0
Fighting       | 4 |  4.7
Dodging        | |  0.9
Evocations     | |  0.4

Action                   |  1- 3 |  4- 6 || total
-------------------------+-------+-------++-------
Melee: Trident           |    90 |   157 ||   247
       Headbutt          |    10 |    15 ||    25
Evoke: Wand              |       |    12 ||    12
  Use: Potion            |       |     1 ||     1
Armor: Scale mail        |    31 |    58 ||    89
Dodge: Dodged            |    30 |    54 ||    84
Block: Buckler           |    17 |    16 ||    33

Table legend: (Time is in decaauts)
 A = Elapsed time spent in this place.
 B = Non-inter-level travel time spent in this place.
 C = Inter-level travel time spent in this place.
 D = Time resting spent in this place.
 E = Time spent auto-exploring this place.
 F = Levels seen in this place.
 G = Mean time per level.
                   A        B        C        D        E       F      G
               +--------+--------+--------+--------+--------+-----+--------+
         Total |   3565 |   3417 |    148 |     33 |   2790 |   5 |  713.0 |
       Dungeon |   3565 |   3417 |    148 |     33 |   2790 |   5 |  713.0 |
               +--------+--------+--------+--------+--------+-----+--------+

Top non-repeatable levels by time:
     D:1: 1095 daAuts
     D:3: 891 daAuts
     D:4: 773 daAuts
     D:2: 698 daAuts
     D:5: 106 daAuts
